 Dungeon Crawl Stone Soup version 0.27-a0-1319-geec4fb4e21 (webtiles) character file.

Game seed: 16868584972578098798

3287 Shayle the Fighter (level 10, -2/79 HPs)
             Began as a Djinni Necromancer on June 22, 2021.
             Was an Initiate of Makhleb.
             Slain by a large slime creature (37 damage)
             ... on level 6 of the Dungeon.
             The game lasted 00:27:59 (9635 turns).

Shayle the Fighter (Djinni Necromancer)             Turns: 9635, Time: 00:28:00

Health: -2/79      AC:  7    Str:  7    XL:     10   Next: 20%
Gold:   215        EV: 19    Int: 26    God:    Makhleb [......] SH:  0 Dex: 14

rFire    + + .     SeeInvis .   n - +3 war axe (vamp)
rCold    x . .     Faith    .   (no shield)
rNeg     . . .     Spirit   .   a - +0 robe
rPois    ∞         Reflect  .   c - +2 hat
rElec    .         Harm     .   (no cloak)
rCorr    .         Rampage  .   e - +2 pair of gloves
Will     +....                  (boots unavailable)
Stlth    ++........             (no amulet)
HPRegen  0.23/turn              d - +4 ring of evasion
MPRegen  0.00/turn              i - +6 ring of intelligence

@: flying
A: sickness immunity, fire resistance 2, cold vulnerability 1, float, innate
caster, hp casting, extra vitality 1
a: Renounce Religion


You were on level 6 of the Dungeon.
You worshipped Makhleb.
Makhleb was noncommittal.
You visited 2 branches of the dungeon, and saw 8 of its levels.

You collected 275 gold pieces.
You spent 60 gold pieces at shops.

Inventory:

Hand Weapons
 m - a +3 short sword of distortion
 n - a +3 vampiric war axe (weapon)
 z - a +0 whip of freezing
 B - a +3 dagger
Missiles
 s - 3 throwing nets
Armour
 a - a +0 robe (worn)
 c - a +2 hat (worn)
 e - a +2 pair of gloves (worn)
 r - a +0 pair of gloves
 A - a +1 robe of cold resistance
Jewellery
 d - a +4 ring of evasion (left hand)
 i - a +6 ring of intelligence (right hand)
 j - a ring of fire
Wands
 w - a wand of paralysis (7)
 x - a wand of polymorph (3)
 y - a wand of iceblast (8)
Scrolls
 f - a scroll of identify
 h - 4 scrolls of magic mapping
 p - 2 scrolls of blinking
 q - a scroll of amnesia
Potions
 b - 6 potions of heal wounds
 k - a potion of haste {unknown}
 t - a potion of brilliance
 u - a potion of flight {unknown}
 v - a potion of curing {unknown}


   Skills:
 * Level 9.7 Fighting
 + Level 7.8 Dodging
 - Level 1.5 Stealth
 + Level 6.2 Spellcasting


You couldn't memorise any spells.
You knew the following spells:

 Your Spells              Type           Power      Damage    Failure   Level
a - Pain                  Necr           100%       1d9       1%          1
b - Animate Skeleton      Necr           80%        N/A       1%          1
c - Vampiric Draining     Necr           20%        2d8       1%          3
d - Animate Dead          Necr           20%        N/A       5%          4
e - Agony                 Necr           40%        N/A       14%         5
f - Freeze                Ice            100%       1d11      1%          1
g - Searing Ray           Conj           80%        3d6       1%          2
h - Portal Projectile     Hex/Tloc       80%        N/A       1%          3
i - Dazzling Flash        Conj/Hex       80%        N/A       1%          3
Your spell library was empty.

Dungeon Overview and Level Annotations

Branches:
Dungeon (7/15)             Temple (1/1) D:5

Altars:
Cheibriados
Dithmenos
Elyvilon
Fedhas
Gozag
Hepliaklqana
Kikubaaqudgha
Makhleb
Okawaru
Sif Muna
Uskayaw
Xom
Yredelemnul
Zin
The Shining One

Shops:
D:2 !

Annotations:
D:4 3 runed translucent doors, DemonSlayer's ghost, amateur HuBe
D:5 3 runed translucent doors, pokeman's ghost, novice DEWz
D:7 Joseph; Menkaure


Innate Abilities, Weirdness & Mutations

You are immune to sickness and miasma.
You are immune to poison.
Your flesh is very heat resistant. (rF++)
You are vulnerable to cold. (rC-)
You float through the air rather than walking.
You learn spells naturally, not from books.
Your magical power is your life essence.
You have superior vitality. (+4 HP)


Message History

You slash the slime creature!
The slime creature is lightly wounded.
The slime creature barely misses you.
You barely miss the slime creature.
The slime creature is lightly wounded.
The slime creature barely misses you.
Two slime creatures merge to form a large slime creature. x2
Unknown command.
An orc comes into view. It is wielding a +0 short sword.
There is a stone staircase leading up here.
The large slime creature hits you!!!
Ouch! That really hurt!
You fly upwards.
There is a stone staircase leading down here.
Casting: Animate Dead (dangerous; 5% risk of failure)
Confirm with . or Enter, or press ? or * to list all spells.
Aiming: Searing Ray (safe; 1% risk of failure)
Press: ? - help, Shift-Dir - straight line, f - large slime creature
Aim: a large slime creature (96% to hit)
The searing ray hits the large slime creature!
The large slime creature is lightly wounded. (Press . to maintain the ray.)
The large slime creature misses you.
The searing ray hits the large slime creature!
The large slime creature is lightly wounded.
A large slime creature splits.
Two slime creatures merge to form a large slime creature.
Casting: Searing Ray (safe; 1% risk of failure)
Confirm with . or Enter, or press ? or * to list all spells.
Aiming: Searing Ray (safe; 1% risk of failure)
Press: ? - help, Shift-Dir - straight line, f/p - large slime creature
Aim: a large slime creature (lightly wounded, 96% to hit)
The searing ray hits the large slime creature!
The large slime creature is lightly wounded. (Press . to maintain the ray.) Unknown command.
The searing ray hits the large slime creature.
The large slime creature is lightly wounded.
The large slime creature hits you!!!
You die...

.######.##.....##..##.##...#.....
.## #.####.####................
..## #.[.............###..##....
#..## ####.##.......#.# #..##.###
##..## #.#......[##.###.....###
##..#####.#..###...............#
##.##..........>....##...#..###
#.##.#..>#..##..##.....##..#
#.##.#......J@......##.....###
#........##.###.#......#......
####......###.# #....####..#.##.
#..........##[###.##.####.##....
#..........##).........##.##..##
#..........#<..........§......#
#..........................##.##
#.........................###.>.
#######...##..........§§§§§......


You could see a large slime creature.

Vanquished Creatures
  A two-headed ogre (D:7)
  Pikel (D:5)
  2 wyverns
  Duvessa (D:4)
  A black bear (D:6)
  2 ice beasts (D:6)
  An ogre (D:6)
  A centaur (D:5)
  4 lemures (D:5)
  Blork the orc (D:5)
  4 bullfrogs
  A jelly (D:4)
  Dowan (D:4)
  3 scorpions
  2 centaur zombies
  2 orc priests (D:7)
  6 hounds
  A gnoll shaman (D:6)
  2 iguanas (D:6)
  An orc wizard (D:3)
  20 gnolls
  6 adders
  A white imp (D:6)
  An adder skeleton (D:4)
  3 worms
  A dart slug (D:3)
  10 orcs
  6 ball pythons
  5 bats
  7 endoplasms
  5 giant cockroaches
  7 goblins
  9 hobgoblins
  9 jackals
  8 kobolds
  A quokka (D:2)
  3 frilled lizards (D:1)
  A quokka skeleton (D:4)
  4 rats (D:1)
145 creatures vanquished.

Vanquished Creatures (collateral kills)
  A jelly (D:6)
1 creature vanquished.

Grand Total: 146 creatures vanquished

Notes
Turn   | Place    | Note
-------+----------+-------------------------------------------
     0 | D:1      | Shayle the Djinni Necromancer began the quest for the Orb.
     0 | D:1      | Reached XP level 1. HP: 15/15 MP: 0/0
   503 | D:1      | Reached XP level 2. HP: 16/22 MP: 0/0
   635 | D:1      | Reached skill level 1 in Fighting
   899 | D:1      | Found a faded altar of an unknown god.
  1094 | D:1      | Reached XP level 3. HP: 25/27 MP: 0/0
  1094 | D:1      | Learned a level 1 spell: Freeze
  2002 | D:1      | Reached skill level 2 in Fighting
  3011 | D:2      | Reached XP level 4. HP: 23/33 MP: 0/0
  3802 | D:2      | Found Bofeg's Distillery.
  3811 | D:2      | Bought a potion of heal wounds for 50 gold pieces
  3811 | D:2      | Bought a potion of degeneration for 10 gold pieces
  4011 | D:3      | Reached skill level 3 in Fighting
  4011 | D:3      | Reached XP level 5. HP: 30/40 MP: 0/0
  4011 | D:3      | Learned a level 2 spell: Searing Ray
  4675 | D:3      | Found a snail-covered altar of Cheibriados.
  4675 | D:3      | Found a blossoming altar of Fedhas.
  5151 | D:4      | Reached XP level 6. HP: 46/46 MP: 0/0
  5320 | D:4      | Reached skill level 4 in Fighting
  5348 | D:4      | You are sucked into a shaft and drop 3 floors!
  5357 | D:7      | Noticed a wyvern
  5440 | D:7      | Noticed Joseph
  5458 | D:7      | Noticed a two-headed ogre
  5471 | D:7      | Killed a two-headed ogre
  5472 | D:7      | Reached skill level 6 in Fighting
  5472 | D:7      | Reached skill level 5 in Dodging
  5472 | D:7      | Reached XP level 7. HP: 37/56 MP: 0/0
  5472 | D:7      | Learned a level 3 spell: Portal Projectile
  5472 | D:7      | Reached XP level 8. HP: 40/61 MP: 0/0
  5775 | D:6      | Found a glowing silver altar of Zin.
  5955 | D:5      | Entered Level 5 of the Dungeon
  5980 | D:5      | Reached skill level 5 in Spellcasting
  6015 | D:5      | Reached skill level 7 in Fighting
  6320 | D:4      | Found a runed translucent gate.
  6320 | D:4      | Found a runed translucent gate.
  6320 | D:4      | Found a runed translucent gate.
  6320 | D:4      | Found an opulent altar of Gozag.
  6322 | D:4      | Noticed DemonSlayer's ghost (amateur HuBe)
  6611 | D:4      | Noticed Duvessa
  6648 | D:4      | Noticed Dowan
  6678 | D:4      | Reached XP level 9. HP: 59/68 MP: 0/0
  6678 | D:4      | Learned a level 3 spell: Dazzling Flash
  6778 | D:5      | Noticed Blork the orc
  6887 | D:5      | Found a runed translucent gate.
  6887 | D:5      | Found a runed translucent gate.
  6887 | D:5      | Found a runed translucent gate.
  7411 | D:5      | Found a staircase to the Ecumenical Temple.
  7424 | Temple   | Entered the Ecumenical Temple
  7435 | Temple   | Became a worshipper of Makhleb the Destroyer
  7480 | D:5      | Killed Blork the orc
  7481 | D:5      | Reached skill level 8 in Fighting
  7533 | D:5      | Noticed Pikel
  7889 | D:5      | Killed Pikel
  7947 | D:5      | Noticed pokeman's ghost (novice DEWz)
  8238 | D:4      | Found a hide-covered altar of Uskayaw.
  8259 | D:4      | Killed Duvessa
  8372 | D:4      | Reached skill level 9 in Fighting
  8704 | D:4      | Killed Dowan
  8909 | D:6      | Reached XP level 10. HP: 60/78 MP: 0/0
  9003 | D:6      | Found an iron altar of Okawaru.
  9004 | D:6      | Found a basalt altar of Yredelemnul.
  9004 | D:6      | Found a glowing golden altar of the Shining One.
  9005 | D:6      | Found a white marble altar of Elyvilon.
  9557 | D:7      | Noticed Menkaure
  9635 | D:6      | Slain by a large slime creature

Illustrated notes

Levels and vault maps discovered:
D:1:      dpeg_arrival_rhombus, layout_basic,
          shapermc_ecumenical_altar_mp_highgroup,
          corexii_item_surrounded_by_moat, chequers_serial_rivers_small_3,
          minmay_split_cup_large
D:2:      layout_basic, serial_shops, nicolae_shop_crystal
D:3:      layout_basic, gammafunk_temple_overflow_statue
D:4:      layout_gridville, general_overflow_altar, serial_glass,
          glass_columns_b, glass_columns_b, glass_columns_c, glass_columns_a,
          glass_columns_b, glass_columns_b, glass_columns_a, glass_columns_a,
          glass_columns_a, glass_columns_b, glass_columns_a, glass_columns_b,
          glass_columns_b, glass_columns_a, ebering_ghost_gozag, uniq_duvessa
D:5:      layout_basic, kennysheep_little_box, temple_green,
          gammafunk_ghost_icy, uniq_pikel, uniq_blork_the_orc
D:6:      layout_rooms, overflow_temple_1_default, old_standard_altar,
          chequers_temple_overflow_statue_of_worship, hex_intersection
D:7:      layout_loops_ring, lemuel_flame_loot_1, uniq_menkaure, uniq_joseph
Temple:   compressed_dpeg_triangle_lava_temple

Skill      XL: |  1  2  3  4  5  6  7  8  9 |
---------------+----------------------------+-----
Fighting       | 1 2 3 6 7 9 |  9.7
Dodging        | 3 5 6 7 |  7.8
Spellcasting   | 4 5 6 |  6.2
Stealth        | |  1.5

Action                   |  1- 3 |  4- 6 |  7- 9 | 10-12 || total
-------------------------+-------+-------+-------+-------++-------
Melee: Unarmed           |    14 |    19 |       |       ||    33
       War axe           |       |    24 |    79 |    30 ||   133
 Cast: Pain              |    67 |    36 |       |       ||   103
       Vampiric Draining |     3 |     8 |    11 |     9 ||    31
       Animate Skeleton  |     1 |       |       |     1 ||     2
       Searing Ray       |       |    10 |    32 |     4 ||    46
       Animate Dead      |       |     1 |     2 |     1 ||     4
       Portal Projectile |       |       |     1 |       ||     1
Evoke: Wand              |       |       |       |     1 ||     1
  Use: Scroll            |       |       |     3 |     7 ||    10
 Stab: Sleeping          |       |     2 |     1 |       ||     3
       Paralysed         |       |       |       |     5 ||     5
Armor: Robe              |    17 |    13 |    41 |     7 ||    78
Dodge: Dodged            |    36 |    62 |   179 |    44 ||   321

Table legend: (Time is in decaauts)
 A = Elapsed time spent in this place.
 B = Non-inter-level travel time spent in this place.
 C = Inter-level travel time spent in this place.
 D = Time resting spent in this place.
 E = Time spent auto-exploring this place.
 F = Levels seen in this place.
 G = Mean time per level.
                   A        B        C        D        E       F      G
               +--------+--------+--------+--------+--------+-----+--------+
         Total |   9716 |   9151 |    565 |   2211 |   5042 |   8 | 1214.5 |
       Dungeon |   9697 |   9132 |    565 |   2211 |   5040 |   7 | 1385.3 |
        Temple |     18 |     18 |      0 |      0 |      2 |   1 |   18.0 |
               +--------+--------+--------+--------+--------+-----+--------+

Top non-repeatable levels by time:
     D:1: 2815 daAuts
     D:3: 1459 daAuts
     D:5: 1430 daAuts
     D:2: 1151 daAuts
     D:4: 1138 daAuts
     D:6: 1129 daAuts
     D:7: 571 daAuts
  Temple: 18 daAuts
